Workbook

Sheet PLANILHA DE PREÇOS
A1: SAEG – COMPANHIA DE SERVIÇO DE ÁGUA, ESGOTO E RESÍDUOS DE GUARATINGUETÁ
A2: CNPJ 09.134.807/0001-91 – Guaratinguetá/SP
A3: PROCESSO DE LICITAÇÃO Nº 007/2026
A4: MODELO – PLANILHA DE PROPOSTA DE PREÇOS
A5: Objeto: Construção do Sistema de Esgotamento Sanitário (SES) Eng. Neiva – Vila Bela – Guaratinguetá/SP
A7: Licitante (razão social):
A8: CNPJ:
A9: Endereço:
A10: Telefone / e-mail:
A11: Validade da proposta (dias):
A13: Preencha apenas a coluna "Custo unitário sem BDI" (células em amarelo), com duas casas decimais. O BDI de cada item vem da aba "COMPOSIÇÃO DO BDI"; preço unitário, preço total e subtotais são calculados automaticamente. Não altere descrições, unidades nem quantidades. Exemplo: custo unitário de R$ 10,00 com BDI de 26,04% → preço unitário R$ 12,60.
A14: ="BDI 1 (obras e serviços): "&ROUND('COMPOSIÇÃO DO BDI'!$C$24*100,2)&"% | BDI 2 (materiais e equipamentos): "&ROUND('COMPOSIÇÃO DO BDI'!$D$24*100,2)&"% | BDI 3 (administração local): "&ROUND('COMPOSIÇÃO DO BDI'!$E$24*100,2)&"%" -> BDI 1 (obras e serviços): 0% | BDI 2 (materiais e equipamentos): 0% | BDI 3 (administração local): 0%
A16: Item | B16: Descrição | C16: Unid. | D16: Quantidade | E16: Custo unitário sem BDI (R$) | F16: Tipo de BDI | G16: BDI (%) | H16: Preço unitário com BDI (R$) | I16: Preço total (R$)
B17: TOTAL GERAL – Construção do SES Eng. Neiva - Vila Bela | I17: =SUBTOTAL(9,I18:I1943) -> 0
A18: 1. | B18: COLETOR BASF | I18: =SUBTOTAL(9,I19:I96) -> 0
A19: 1.1. | B19: Serviços Técnicos | I19: =SUBTOTAL(9,I20:I23) -> 0
A20: 1.1.1. | B20: Locação e Cadastro | I20: =SUBTOTAL(9,I21:I23) -> 0
A21: 1.1.1.0.1. | B21: LOCAÇÃO DE ADUTORAS, COLETORES-TRONCO E INTERCEPTORES (ATÉ DIÂMETRO 500 MM) | C21: M | D21: 305.8 | F21: BDI 1 | G21: ='COMPOSIÇÃO DO BDI'!$C$24 -> 0 | H21: =ROUND(E21*(1+G21),2) -> 0 | I21: =ROUND(D21*H21,2) -> 0
A22: 1.1.1.0.2. | B22: CADASTRO DE ADUTORAS, COLETORES-TRONCO E INTERCEPTORES (ATÉ DIÂMETRO 500 MM) | C22: M | D22: 305.8 | F22: BDI 1 | G22: ='COMPOSIÇÃO DO BDI'!$C$24 -> 0 | H22: =ROUND(E22*(1+G22),2) -> 0 | I22: =ROUND(D22*H22,2) -> 0
A23: 1.1.1.0.3. | B23: CADASTRO DE POÇO DE VISITA, POÇO DE INSPEÇÃO E CAIXAS DE PASSAGEM | C23: UNID | D23: 8 | F23: BDI 1 | G23: ='COMPOSIÇÃO DO BDI'!$C$24 -> 0 | H23: =ROUND(E23*(1+G23),2) -> 0 | I23: =ROUND(D23*H23,2) -> 0
A24: 1.2. | B24: Serviços Preliminares | I24: =SUBTOTAL(9,I25:I31) -> 0
A25: 1.2.1. | B25: Trânsito e Segurança | I25: =SUBTOTAL(9,I26:I28) -> 0
A26: 1.2.1.0.1. | B26: SINALIZAÇÃO DE TRÁFEGO | C26: M | D26: 160 | F26: BDI 1 | G26: ='COMPOSIÇÃO DO BDI'!$C$24 -> 0 | H26: =ROUND(E26*(1+G26),2) -> 0 | I26: =ROUND(D26*H26,2) -> 0
A27: 1.2.1.0.2. | B27: TAPUME CONTÍNUO EM CHAPAS DE MADEIRA | C27: M | D27: 305.8 | F27: BDI 1 | G27: ='COMPOSIÇÃO DO BDI'!$C$24 -> 0 | H27: =ROUND(E27*(1+G27),2) -> 0 | I27: =ROUND(D27*H27,2) -> 0
A28: 1.2.1.0.3. | B28: FORNECIMENTO E INSTALAÇÃO DE PLACA DE OBRA COM CHAPA GALVANIZADA E ESTRUTURA DE MADEIRA. AF_03/2022_PS | C28: M2 | D28: 8 | F28: BDI 1 | G28: ='COMPOSIÇÃO DO BDI'!$C$24 -> 0 | H28: =ROUND(E28*(1+G28),2) -> 0 | I28: =ROUND(D28*H28,2) -> 0
A29: 1.2.2. | B29: Passadiços e Travessias | I29: =SUBTOTAL(9,I30:I31) -> 0
A30: 1.2.2.0.1. | B30: PASSADIÇOS DE MADEIRA PARA PEDESTRES | C30: M2 | D30: 30 | F30: BDI 1 | G30: ='COMPOSIÇÃO DO BDI'!$C$24 -> 0 | H30: =ROUND(E30*(1+G30),2) -> 0 | I30: =ROUND(D30*H30,2) -> 0
A31: 1.2.2.0.2. | B31: PASSADIÇOS DE CHAPA METÁLICA PARA VEÍCULOS | C31: M2 | D31: 60 | F31: BDI 1 | G31: ='COMPOSIÇÃO DO BDI'!$C$24 -> 0 | H31: =ROUND(E31*(1+G31),2) -> 0 | I31: =ROUND(D31*H31,2) -> 0
A32: 1.3. | B32: Movimento de Terra | I32: =SUBTOTAL(9,I33:I46) -> 0
A33: 1.3.1. | B33: Escavação de valas, qualquer terreno, exceto rocha-coletores tronco e interceptores | I33: =SUBTOTAL(9,I34:I38) -> 0
A34: 1.3.1.0.1. | B34: ESCAVAÇÃO MECANIZADA DE VALA COM PROF. ATÉ 1,5 M (MÉDIA MONTANTE E JUSANTE/UMA COMPOSIÇÃO POR TRECHO), ESCAVADEIRA (0,8 M3),LARG. MENOR QUE 1,5 M, EM SOLO DE 1A CATEGORIA, LOCAIS COM BAIXO NÍVEL DE INTERFERÊNCIA. AF_09/2024 | C34: M3 | D34: 10.91 | F34: BDI 1 | G34: ='COMPOSIÇÃO DO BDI'!$C$24 -> 0 | H34: =ROUND(E34*(1+G34),2) -> 0 | I34: =ROUND(D34*H34,2) -> 0
A35: 1.3.1.0.2. | B35: ESCAVAÇÃO MECANIZADA DE VALA COM PROF. MAIOR QUE 1,5 M E ATÉ 3,0 M(MÉDIA MONTANTE E JUSANTE/UMA COMPOSIÇÃO POR TRECHO), ESCAVADEIRA (0,8 M3), LARG. MENOR QUE 1,5 M, EM SOLO DE 1A CATEGORIA, LOCAIS COM BAIXO NÍVEL DE INTERFERÊNCIA. AF_09/2024 | C35: M3 | D35: 199.77 | F35: BDI 1 | G35: ='COMPOSIÇÃO DO BDI'!$C$24 -> 0 | H35: =ROUND(E35*(1+G35),2) -> 0 | I35: =ROUND(D35*H35,2) -> 0
A36: 1.3.1.0.3. | B36: ESCAVAÇÃO MECANIZADA DE VALA COM PROF. MAIOR QUE 3,0 M ATÉ 4,5 M (MÉDIA MONTANTE E JUSANTE/UMA COMPOSIÇÃO POR TRECHO), ESCAVADEIRA (0,8 M3), LARG. MENOR QUE 1,5 M, EM SOLO DE 1A CATEGORIA, LOCAIS COM BAIXO NÍVEL DE INTERFERÊNCIA. AF_09/2024 | C36: M3 | D36: 266.2 | F36: BDI 1 | G36: ='COMPOSIÇÃO DO BDI'!$C$24 -> 0 | H36: =ROUND(E36*(1+G36),2) -> 0 | I36: =ROUND(D36*H36,2) -> 0
A37: 1.3.1.0.4. | B37: ESCAVAÇÃO MECANIZADA DE VALA COM PROF. MAIOR QUE 4,5 M ATÉ 6,0 M (MÉDIA MONTANTE E JUSANTE/UMA COMPOSIÇÃO POR TRECHO),COM ESCAVADEIRA (0,8 M3), LARG. MENOR QUE 1,5 M, EM SOLO DE 1A CATEGORIA, LOCAIS COM BAIXO NÍVEL DE INTERFERÊNCIA. AF_09/2024 | C37: M3 | D37: 1078.8 | F37: BDI 1 | G37: ='COMPOSIÇÃO DO BDI'!$C$24 -> 0 | H37: =ROUND(E37*(1+G37),2) -> 0 | I37: =ROUND(D37*H37,2) -> 0
A38: 1.3.1.0.5. | B38: PREPARO DE FUNDO DE VALA COM LARGURA MENOR QUE 1,5 M (ACERTO DO SOLO NATURAL), EM LOCAL COM NÍVEL BAIXO DE INTERFERÊNCIA. AF_01/2026 | C38: M2 | D38: 413.64 | F38: BDI 1 | G38: ='COMPOSIÇÃO DO BDI'!$C$24 -> 0 | H38: =ROUND(E38*(1+G38),2) -> 0 | I38: =ROUND(D38*H38,2) -> 0
A39: 1.3.2. | B39: Aterros e recobrimentos especiais de valas, poços e cavas | I39: =SUBTOTAL(9,I40:I42) -> 0
A40: 1.3.2.0.1. | B40: REATERRO MECANIZADO DE VALA COM RETROESCAVADEIRA (CAPACIDADE DA CAÇAMBA DA RETRO: 0,26 M³/POTÊNCIA: 88 HP), LARGURA 0,8 A 1,5 M, PROFUNDIDADE ATÉ 1,5 M, COM SOLO (SEM SUBSTITUIÇÃO) DE 1ª CATEGORIA, COM COMPACTADOR DE SOLOS DE PERCUSSÃO AF_08/2023 | C40: M3 | D40: 9.14 | F40: BDI 1 | G40: ='COMPOSIÇÃO DO BDI'!$C$24 -> 0 | H40: =ROUND(E40*(1+G40),2) -> 0 | I40: =ROUND(D40*H40,2) -> 0
A41: 1.3.2.0.2. | B41: REATERRO MECANIZADO DE VALA COM RETROESCAVADEIRA (CAPACIDADE DA CAÇAMBA DA RETRO: 0,26 M³/POTÊNCIA: 88 HP), LARGURA 0,8 A 1,5 M, PROFUNDIDADE 1,5 A 3,0 M, COM SOLO (SEM SUBSTITUIÇÃO) DE 1ª CATEGORIA E COMPACTADOR DE SOLOS DE PERCUSSÃO. AF_08/2023 | C41: M3 | D41: 176.53 | F41: BDI 1 | G41: ='COMPOSIÇÃO DO BDI'!$C$24 -> 0 | H41: =ROUND(E41*(1+G41),2) -> 0 | I41: =ROUND(D41*H41,2) -> 0
A42: 1.3.2.0.3. | B42: REATERRO MECANIZADO DE VALA COM ESCAVADEIRA HIDRÁULICA (CAPACIDADE DA CAÇAMBA: 0,8 M³/POTÊNCIA: 111 HP), LARGURA ATÉ 1,5 M, PROFUNDIDADE DE 3,0 A 6,0 M, COM SOLO (SEM SUBSTITUIÇÃO) DE 1ª CATEGORIA, COM PLACA VIBRATÓRIA. AF_08/2023 | C42: M3 | D42: 1295.91 | F42: BDI 1 | G42: ='COMPOSIÇÃO DO BDI'!$C$24 -> 0 | H42: =ROUND(E42*(1+G42),2) -> 0 | I42: =ROUND(D42*H42,2) -> 0
A43: 1.3.3. | B43: Carga, transporte e descarga | I43: =SUBTOTAL(9,I44:I46) -> 0
A44: 1.3.3.0.1. | B44: CARGA, MANOBRA E DESCARGA DE SOLOS E MATERIAIS GRANULARES EM CAMINHÃO BASCULANTE 10 M³ - CARGA COM ESCAVADEIRA HIDRÁULICA (CAÇAMBA DE 1,20 M³ / 155 HP) E DESCARGA LIVRE (UNIDADE: M3). AF_02/2026 | C44: M3 | D44: 74.1 | F44: BDI 1 | G44: ='COMPOSIÇÃO DO BDI'!$C$24 -> 0 | H44: =ROUND(E44*(1+G44),2) -> 0 | I44: =ROUND(D44*H44,2) -> 0
A45: 1.3.3.0.2. | B45: TRANSPORTE COM CAMINHÃO BASCULANTE DE 10 M³, EM VIA URBANA PAVIMENTADA, DMT ATÉ 30 KM (UNIDADE: M3XKM). AF_02/2026 | C45: M3XKM | D45: 155.62 | F45: BDI 1 | G45: ='COMPOSIÇÃO DO BDI'!$C$24 -> 0 | H45: =ROUND(E45*(1+G45),2) -> 0 | I45: =ROUND(D45*H45,2) -> 0
A46: 1.3.3.0.3. | B46: ESPALHAMENTO DE MATERIAL COM TRATOR DE ESTEIRAS. AF_09/2024 | C46: M3 | D46: 74.1 | F46: BDI 1 | G46: ='COMPOSIÇÃO DO BDI'!$C$24 -> 0 | H46: =ROUND(E46*(1+G46),2) -> 0 | I46: =ROUND(D46*H46,2) -> 0
A47: 1.4. | B47: Escoramentos | I47: =SUBTOTAL(9,I48:I51) -> 0
A48: 1.4.1. | B48: Estruturas de escoramento de valas | I48: =SUBTOTAL(9,I49:I51) -> 0
A49: 1.4.1.0.1. | B49: ESCORAMENTO DE VALA, TIPO BLINDAGEM, COM PROFUNDIDADE DE 0 A 1,5 M, LARGURA MENOR QUE 1,5 M - EXECUÇÃO E FORNECIMENTO, INCLUI MATERIAL (ESCAVAÇÃO INTERNA AO BLINDADO) [EMBASA/BA-07.93.31] | C49: M2 | D49: 21.6 | F49: BDI 1 | G49: ='COMPOSIÇÃO DO BDI'!$C$24 -> 0 | H49: =ROUND(E49*(1+G49),2) -> 0 | I49: =ROUND(D49*H49,2) -> 0
A50: 1.4.1.0.2. | B50: ESCORAMENTO DE VALA, TIPO BLINDAGEM, COM PROFUNDIDADE DE 1,5 A 3,0 M, LARGURA MENOR DO QUE 1,5 M - EXECUÇÃO E FORNECIMENTO, INCLUI MATERIAL (ESCAVAÇÃO INTERNA AO BLINDADO) [EMBASA/BA-07.93.35] | C50: M2 | D50: 337.84 | F50: BDI 1 | G50: ='COMPOSIÇÃO DO BDI'!$C$24 -> 0 | H50: =ROUND(E50*(1+G50),2) -> 0 | I50: =ROUND(D50*H50,2) -> 0
A51: 1.4.1.0.3. | B51: ESCORAMENTO DE VALA, TIPO BLINDAGEM, COM PROFUNDIDADE DE 3,0 A 4,5 M, LARGURA MENOR QUE 1,5 M - EXECUÇÃO E FORNECIMENTO, INCLUI MATERIAL (ESCAVAÇÃO INTERNA AO BLINDADO) [EMBASA/BA-07.93.39] | C51: M2 | D51: 1739.92 | F51: BDI 1 | G51: ='COMPOSIÇÃO DO BDI'!$C$24 -> 0 | H51: =ROUND(E51*(1+G51),2) -> 0 | I51: =ROUND(D51*H51,2) -> 0
A52: 1.5. | B52: Fundações e Estruturas | I52: =SUBTOTAL(9,I53:I59) -> 0
A53: 1.5.1. | B53: Lastros para assentamento de tubos e peças | I53: =SUBTOTAL(9,I54:I54) -> 0
A54: 1.5.1.0.1. | B54: LASTRO DE AREIA (A) | C54: M3 | D54: 41.36 | F54: BDI 1 | G54: ='COMPOSIÇÃO DO BDI'!$C$24 -> 0 | H54: =ROUND(E54*(1+G54),2) -> 0 | I54: =ROUND(D54*H54,2) -> 0
A55: 1.5.2. | B55: Poços de visita - coletor tronco | I55: =SUBTOTAL(9,I56:I59) -> 0
A56: 1.5.2.0.1. | B56: BASE PARA POÇO DE VISITA CIRCULAR PARA ESGOTO, EM CONCRETO PRÉ-MOLDADO, DIÂMETRO INTERNO = 1,0 M, PROFUNDIDADE = 1,35 M, EXCLUINDO TAMPÃO. AF_12/2020 | C56: UN | D56: 3 | F56: BDI 1 | G56: ='COMPOSIÇÃO DO BDI'!$C$24 -> 0 | H56: =ROUND(E56*(1+G56),2) -> 0 | I56: =ROUND(D56*H56,2) -> 0
A57: 1.5.2.0.2. | B57: BASE PARA POÇO DE VISITA CIRCULAR PARA ESGOTO, EM CONCRETO PRÉ-MOLDADO, DIÂMETRO INTERNO = 1,20 M, PROFUNDIDADE = 1,60 M, EXCLUINDO TAMPÃO. AF_12/2020 | C57: UN | D57: 5 | F57: BDI 1 | G57: ='COMPOSIÇÃO DO BDI'!$C$24 -> 0 | H57: =ROUND(E57*(1+G57),2) -> 0 | I57: =ROUND(D57*H57,2) -> 0
A58: 1.5.2.0.3. | B58: ACRÉSCIMO PARA POÇO DE VISITA CIRCULAR PARA ESGOTO, EM CONCRETO PRÉ-MOLDADO, DIÂMETRO INTERNO = 1 M. AF_12/2020 | C58: M | D58: 1.85 | F58: BDI 1 | G58: ='COMPOSIÇÃO DO BDI'!$C$24 -> 0 | H58: =ROUND(E58*(1+G58),2) -> 0 | I58: =ROUND(D58*H58,2) -> 0
A59: 1.5.2.0.4. | B59: ACRÉSCIMO PARA POÇO DE VISITA CIRCULAR PARA ESGOTO, EM CONCRETO PRÉ-MOLDADO, DIÂMETRO INTERNO = 1,2 M. AF_12/2020 | C59: M | D59: 15.83 | F59: BDI 1 | G59: ='COMPOSIÇÃO DO BDI'!$C$24 -> 0 | H59: =ROUND(E59*(1+G59),2) -> 0 | I59: =ROUND(D59*H59,2) -> 0
A60: 1.6. | B60: Assentamento | I60: =SUBTOTAL(9,I61:I73) -> 0
A61: 1.6.1. | B61: Assentamento simples de tubos e peças de PVC | I61: =SUBTOTAL(9,I62:I63) -> 0
A62: 1.6.1.0.1. | B62: ASSENTAMENTO DE TUBO DE PVC CORRUGADO DE DUPLA PAREDE PARA REDE COLETORA DE ESGOTO, DN 300 MM, JUNTA ELÁSTICA (NÃO INCLUI FORNECIMENTO). AF_01/2021 | C62: M | D62: 79.2 | F62: BDI 1 | G62: ='COMPOSIÇÃO DO BDI'!$C$24 -> 0 | H62: =ROUND(E62*(1+G62),2) -> 0 | I62: =ROUND(D62*H62,2) -> 0
A63: 1.6.1.0.2. | B63: ASSENTAMENTO DE TUBO DE PVC CORRUGADO DE DUPLA PAREDE PARA REDE COLETORA DE ESGOTO, DN 400 MM, JUNTA ELÁSTICA (NÃO INCLUI FORNECIMENTO). AF_01/2021 | C63: M | D63: 216 | F63: BDI 1 | G63: ='COMPOSIÇÃO DO BDI'!$C$24 -> 0 | H63: =ROUND(E63*(1+G63),2) -> 0 | I63: =ROUND(D63*H63,2) -> 0
A64: 1.6.2. | B64: Assentamento simples de tubos e peças de F°F° | I64: =SUBTOTAL(9,I65:I65) -> 0
A65: 1.6.2.0.1. | B65: ASSENTAMENTO SIMPLES DE TUBOS E PEÇAS, DN 400 MM, EM FERRO FUNDIDO, JUNTA ELÁSTICA (A) | C65: M | D65: 1.8 | F65: BDI 1 | G65: ='COMPOSIÇÃO DO BDI'!$C$24 -> 0 | H65: =ROUND(E65*(1+G65),2) -> 0 | I65: =ROUND(D65*H65,2) -> 0
A66: 1.6.3. | B66: Assentamento de Tampão de ferro fundido Ø = 600mm | I66: =SUBTOTAL(9,I67:I67) -> 0
A67: 1.6.3.0.1. | B67: ASSENTAMENTO DE TAMPÃO DE FERRO FUNDIDO, DN 600 MM | C67: un | D67: 8 | F67: BDI 1 | G67: ='COMPOSIÇÃO DO BDI'!$C$24 -> 0 | H67: =ROUND(E67*(1+G67),2) -> 0 | I67: =ROUND(D67*H67,2) -> 0
A68: 1.6.4. | B68: Carga, transporte até 10 km e descarga de tubos e peças de PVC | I68: =SUBTOTAL(9,I69:I70) -> 0
A69: 1.6.4.0.1. | B69: CARGA, TRANSPORTE ATÉ 10 KM E DESCARGA TUBOS E PEÇAS, DN 300 MM, EM PVC RÍGIDO, RPVC E DEFOFO | C69: KM | D69: 0.08 | F69: BDI 1 | G69: ='COMPOSIÇÃO DO BDI'!$C$24 -> 0 | H69: =ROUND(E69*(1+G69),2) -> 0 | I69: =ROUND(D69*H69,2) -> 0
A70: 1.6.4.0.2. | B70: CARGA, TRANSPORTE ATÉ 10 KM E DESCARGA TUBOS E PEÇAS, DN 400 MM, EM PVC RÍGIDO, RPVC E DEFOFO | C70: KM | D70: 0.24 | F70: BDI 1 | G70: ='COMPOSIÇÃO DO BDI'!$C$24 -> 0 | H70: =ROUND(E70*(1+G70),2) -> 0 | I70: =ROUND(D70*H70,2) -> 0
A71: 1.6.5. | B71: Carga, transporte e descarga de tubos e peças de FºFº | I71: =SUBTOTAL(9,I72:I73) -> 0
A72: 1.6.5.0.1. | B72: CARGA E DESCARGA, DE TUBOS E PEÇAS EM FERRO FUNDIDO | C72: TON | D72: 0.26 | F72: BDI 1 | G72: ='COMPOSIÇÃO DO BDI'!$C$24 -> 0 | H72: =ROUND(E72*(1+G72),2) -> 0 | I72: =ROUND(D72*H72,2) -> 0
A73: 1.6.5.0.2. | B73: TRANSPORTE, DE TUBOS E PEÇAS EM FERRO FUNDIDO | C73: TOK | D73: 2.63 | F73: BDI 1 | G73: ='COMPOSIÇÃO DO BDI'!$C$24 -> 0 | H73: =ROUND(E73*(1+G73),2) -> 0 | I73: =ROUND(D73*H73,2) -> 0
A74: 1.7. | B74: Pavimentação | I74: =SUBTOTAL(9,I75:I84) -> 0
A75: 1.7.1. | B75: Corte de pavimento asfáltico | I75: =SUBTOTAL(9,I76:I78) -> 0
A76: 1.7.1.0.1. | B76: CORTE EM PAVIMENTO DE ASFALTO / CONCRETO COM MÁQUINA E DISCO DIAMANTADO | C76: M | D76: 611.6 | F76: BDI 1 | G76: ='COMPOSIÇÃO DO BDI'!$C$24 -> 0 | H76: =ROUND(E76*(1+G76),2) -> 0 | I76: =ROUND(D76*H76,2) -> 0
A77: 1.7.1.0.2. | B77: Demolição de asfalto c/ martelete - SEDOP 021525 | C77: M2 | D77: 459.02 | F77: BDI 1 | G77: ='COMPOSIÇÃO DO BDI'!$C$24 -> 0 | H77: =ROUND(E77*(1+G77),2) -> 0 | I77: =ROUND(D77*H77,2) -> 0
A78: 1.7.1.0.3. | B78: REMOÇÃO DE ENTULHO INCLUSIVE A CARGA, TRANSPORTE E DESCARGA EM BOTA FORA A QUALQUER DISTÂNCIA | C78: M3 | D78: 22.96 | F78: BDI 1 | G78: ='COMPOSIÇÃO DO BDI'!$C$24 -> 0 | H78: =ROUND(E78*(1+G78),2) -> 0 | I78: =ROUND(D78*H78,2) -> 0
A79: 1.7.2. | B79: Recomposição de pavimentação asfáltica | I79: =SUBTOTAL(9,I80:I84) -> 0
A80: 1.7.2.0.1. | B80: Base de bica corrida | C80: M3 | D80: 45.89 | F80: BDI 1 | G80: ='COMPOSIÇÃO DO BDI'!$C$24 -> 0 | H80: =ROUND(E80*(1+G80),2) -> 0 | I80: =ROUND(D80*H80,2) -> 0
A81: 1.7.2.0.2. | B81: Imprimação betuminosa ligante | C81: M2 | D81: 459.02 | F81: BDI 1 | G81: ='COMPOSIÇÃO DO BDI'!$C$24 -> 0 | H81: =ROUND(E81*(1+G81),2) -> 0 | I81: =ROUND(D81*H81,2) -> 0
A82: 1.7.2.0.3. | B82: Imprimação betuminosa impermeabilizante | C82: M2 | D82: 459.02 | F82: BDI 1 | G82: ='COMPOSIÇÃO DO BDI'!$C$24 -> 0 | H82: =ROUND(E82*(1+G82),2) -> 0 | I82: =ROUND(D82*H82,2) -> 0
A83: 1.7.2.0.4. | B83: TRANSPORTE COM CAMINHÃO BASCULANTE DE 14 M³, EM VIA URBANA PAVIMENTADA, DMT ATÉ 30 KM (UNIDADE: M3XKM). AF_02/2026 | C83: M3XKM | D83: 383.27 | F83: BDI 1 | G83: ='COMPOSIÇÃO DO BDI'!$C$24 -> 0 | H83: =ROUND(E83*(1+G83),2) -> 0 | I83: =ROUND(D83*H83,2) -> 0
A84: 1.7.2.0.5. | B84: RECOMPOSIÇÃO DE REVESTIMENTO EM CONCRETO ASFÁLTICO (AQUISIÇÃO EM USINA), PARA O FECHAMENTO DE VALAS - INCLUSO DEMOLIÇÃO DO PAVIMENTO. AF_12/2020 | C84: M3 | D84: 22.95 | F84: BDI 1 | G84: ='COMPOSIÇÃO DO BDI'!$C$24 -> 0 | H84: =ROUND(E84*(1+G84),2) -> 0 | I84: =ROUND(D84*H84,2) -> 0
A85: 1.8. | B85: Fornecimento de materiais e equipamentos | I85: =SUBTOTAL(9,I86:I96) -> 0
A86: 1.8.1. | B86: Hidráulicos e hidromecânicos | I86: =SUBTOTAL(9,I87:I96) -> 0
A87: 1.8.1.1. | B87: Tubulação de ferro fundido | I87: =SUBTOTAL(9,I88:I88) -> 0
A88: 1.8.1.1.1. | B88: TUBO C/FLANGE PN10 E BOLSA JE FERRO FUNDIDO DN=400 MM L=2.000 MM (236,30 KG) PINTURA EPÓXI VERMELHA, ACESSÓRIOS NÃO INCLUSOS NBR 15420 ESGOTO | C88: un | D88: 1 | F88: BDI 2 | G88: ='COMPOSIÇÃO DO BDI'!$D$24 -> 0 | H88: =ROUND(E88*(1+G88),2) -> 0 | I88: =ROUND(D88*H88,2) -> 0
A89: 1.8.1.2. | B89: Tubulação de PVC rígido corrugado com ponta e bolsa JE | I89: =SUBTOTAL(9,I90:I91) -> 0
A90: 1.8.1.2.1. | B90: TUBO PVC CORRUGADO, PAREDE DUPLA, JE, DN 300 MM/ DE 315 MM, REDE COLETORA ESGOTO | C90: M | D90: 84 | F90: BDI 2 | G90: ='COMPOSIÇÃO DO BDI'!$D$24 -> 0 | H90: =ROUND(E90*(1+G90),2) -> 0 | I90: =ROUND(D90*H90,2) -> 0
A91: 1.8.1.2.2. | B91: TUBO PVC CORRUGADO, PAREDE DUPLA, JE, DN 400 MM/ DE 400 MM, REDE COLETORA ESGOTO | C91: M | D91: 228 | F91: BDI 2 | G91: ='COMPOSIÇÃO DO BDI'!$D$24 -> 0 | H91: =ROUND(E91*(1+G91),2) -> 0 | I91: =ROUND(D91*H91,2) -> 0
A92: 1.8.1.3. | B92: Anéis de borracha | I92: =SUBTOTAL(9,I93:I94) -> 0
A93: 1.8.1.3.1. | B93: ANEL BORRACHA, PARA TUBO, PVC REDE COLETOR ESGOTO, DN 300 MM (NBR 7362) | C93: UN | D93: 15 | F93: BDI 2 | G93: ='COMPOSIÇÃO DO BDI'!$D$24 -> 0 | H93: =ROUND(E93*(1+G93),2) -> 0 | I93: =ROUND(D93*H93,2) -> 0
A94: 1.8.1.3.2. | B94: ANEL BORRACHA, PARA TUBO PVC, REDE COLETOR ESGOTO, DN 400 MM (NBR 7362) | C94: UN | D94: 39 | F94: BDI 2 | G94: ='COMPOSIÇÃO DO BDI'!$D$24 -> 0 | H94: =ROUND(E94*(1+G94),2) -> 0 | I94: =ROUND(D94*H94,2) -> 0
A95: 1.8.1.4. | B95: Tampão de ferro fundido Ø = 600mm | I95: =SUBTOTAL(9,I96:I96) -> 0
A96: 1.8.1.4.1. | B96: TAMPÃO ARTICULADO FERRO FUNDIDO DN 600 MM COM ARO NTS 033 | C96: un | D96: 8 | F96: BDI 2 | G96: ='COMPOSIÇÃO DO BDI'!$D$24 -> 0 | H96: =ROUND(E96*(1+G96),2) -> 0 | I96: =ROUND(D96*H96,2) -> 0
A97: 2. | B97: INTERLIGAÇÃO 03 | I97: =SUBTOTAL(9,I98:I153) -> 0
A98: 2.1. | B98: Serviços Técnicos | I98: =SUBTOTAL(9,I99:I102) -> 0
A99: 2.1.1. | B99: Locação e Cadastro | I99: =SUBTOTAL(9,I100:I102) -> 0
A100: 2.1.1.0.1. | B100: LOCAÇÃO DE ADUTORAS, COLETORES-TRONCO E INTERCEPTORES (ATÉ DIÂMETRO 500 MM) | C100: M | D100: 8 | F100: BDI 1 | G100: ='COMPOSIÇÃO DO BDI'!$C$24 -> 0 | H100: =ROUND(E100*(1+G100),2) -> 0 | I100: =ROUND(D100*H100,2) -> 0
A101: 2.1.1.0.2. | B101: CADASTRO DE ADUTORAS, COLETORES-TRONCO E INTERCEPTORES (ATÉ DIÂMETRO 500 MM) | C101: M | D101: 8 | F101: BDI 1 | G101: ='COMPOSIÇÃO DO BDI'!$C$24 -> 0 | H101: =ROUND(E101*(1+G101),2) -> 0 | I101: =ROUND(D101*H101,2) -> 0
A102: 2.1.1.0.3. | B102: CADASTRO DE POÇO DE VISITA, POÇO DE INSPEÇÃO E CAIXAS DE PASSAGEM | C102: UNID | D102: 1 | F102: BDI 1 | G102: ='COMPOSIÇÃO DO BDI'!$C$24 -> 0 | H102: =ROUND(E102*(1+G102),2) -> 0 | I102: =ROUND(D102*H102,2) -> 0
A103: 2.2. | B103: Serviços Preliminares | I103: =SUBTOTAL(9,I104:I108) -> 0
...

Sheet COMPOSIÇÃO DO BDI
A1: SAEG – COMPANHIA DE SERVIÇO DE ÁGUA, ESGOTO E RESÍDUOS DE GUARATINGUETÁ
A2: CNPJ 09.134.807/0001-91 – Guaratinguetá/SP
A3: PROCESSO DE LICITAÇÃO Nº 007/2026
A4: MODELO – COMPOSIÇÃO DO BDI
A5: Objeto: Construção do Sistema de Esgotamento Sanitário (SES) Eng. Neiva – Vila Bela – Guaratinguetá/SP
A7: Licitante (razão social):
A8: CNPJ:
A10: COMO PREENCHER
A11: 1. Digite nas células amarelas o percentual de cada componente (ex.: para 4,93% digite 4,93%). Se o componente não se aplicar, digite 0%.
A12: 2. Há três BDIs, um para cada tipo de item da planilha de preços. Preencha as três colunas.
A13: 3. O BDI final é calculado automaticamente e levado para a aba "PLANILHA DE PREÇOS".
A15: Componente | B15: Sigla | C15: BDI 1 Obras e serviços (Metas 1 a 21) | D15: BDI 2 Materiais e equipamentos | E15: BDI 3 Administração local (Meta 22) | F15: O que informar
A16: Administração Central | B16: AC | F16: Despesas da sede da empresa rateadas para esta obra.
A17: Seguro e Garantia | B17: SG | F17: Custo com seguros e com a garantia contratual.
A18: Risco | B18: R | F18: Reserva para imprevistos da execução.
A19: Despesas Financeiras | B19: DF | F19: Custo financeiro entre o gasto e o recebimento das medições.
A20: Lucro | B20: L | F20: Margem de lucro da empresa.
A21: PIS + COFINS | B21: PIS/COFINS | F21: Conforme o regime tributário da empresa (ex.: 3,65% no lucro presumido).
A22: ISS | B22: ISS | F22: Alíquota efetiva do ISS municipal sobre o preço.
A23: Contribuição Previdenciária sobre a Receita Bruta | B23: CPRB | F23: 0% se a empresa não for desonerada; 4,5% se for desonerada.
A24: BDI FINAL (calculado automaticamente) | B24: BDI | C24: =ROUND(((1+C16+C17+C18)*(1+C19)*(1+C20))/(1-(C21+C22+C23))-1,4) -> 0 | D24: =ROUND(((1+D16+D17+D18)*(1+D19)*(1+D20))/(1-(D21+D22+D23))-1,4) -> 0 | E24: =ROUND(((1+E16+E17+E18)*(1+E19)*(1+E20))/(1-(E21+E22+E23))-1,4) -> 0 | F24: Este percentual é aplicado sobre o custo de cada item.
A26: Fórmula utilizada (Acórdão TCU nº 2.622/2013 – Plenário): BDI = [(1 + AC + SG + R) × (1 + DF) × (1 + L)] ÷ [1 − (PIS/COFINS + ISS + CPRB)] − 1
A27: Não incluir no BDI o IRPJ e a CSLL, nem despesas que já constam como itens da planilha (ex.: administração local).
A29: Regime tributário da empresa:
A31: Local e data: ____________________________, ____ de ______________ de 2026.
A35: _______________________________________ | D35: _______________________________________
A36: Representante legal da licitante Nome / CPF | D36: Responsável técnico Nome / CREA ou CAU
